Map: 승천의 사슬

Players

테라진

  • Race: Protoss Protoss
  • Spawn Location: 11:00

JamesRaynor

  • Race: Protoss Protoss
  • Spawn Location: 11:00

VOD

Have the link to the VOD?

Description

Time

  • Played on: Aug. 22, 2017, 3:50 a.m.
  • Length: 17:10
Show
View Real Time Build Order
Export as new Build Order

테라진 Protoss 

Build Orders:  

Get SALT Encoding   

  12  0:02  Probe (Chrono Boost)  
  13  0:16  Probe (Chrono Boost)  
  14  0:33  Probe (Chrono Boost)  
  14  0:34  Pylon  
  15  0:58  Probe (Chrono Boost)  
  16  1:12  Probe (Chrono Boost)  
  17  1:26  Probe (Chrono Boost)  
  18  1:30  Pylon  
  18  1:40  Probe (Chrono Boost)  
  19  1:53  Nexus  
  19  2:02  Nexus  
  19  2:11  Assimilator  
  19  2:16  Assimilator  
  19  2:25  Probe (Chrono Boost)  
  20  2:31  Gateway  
  20  2:33  Assimilator  
  20  2:39  Probe (Chrono Boost)  
  20  2:45  Assimilator  
  21  2:53  Probe (Chrono Boost)  
  22  3:15  Pylon  
  22  3:18  Probe (Chrono Boost)  
  23  3:32  Probe (Chrono Boost)  
  24  3:44  Cybernetics Core  
  24  3:46  Probe (Chrono Boost)  
  25  3:58  Probe (Chrono Boost)  
  26  4:00  Probe (Chrono Boost), Pylon  
  27  4:12  Probe (Chrono Boost)  
  27  4:14  Probe (Chrono Boost)  
  29  4:35  Probe (Chrono Boost)  
  29  4:37  Probe (Chrono Boost)  
  31  4:49  Probe (Chrono Boost)  
  31  4:50  Death Council  
  31  4:51  Probe (Chrono Boost)  
  31  4:59  Gateway  
  33  5:03  Probe (Chrono Boost)  
  33  5:05  Probe (Chrono Boost)  
  35  5:17  Probe (Chrono Boost)  
  35  5:19  Probe (Chrono Boost)  
  37  5:29  Pylon  
  37  5:31  Probe (Chrono Boost)  
  38  5:45  Probe (Chrono Boost)  
  39  5:59  Probe (Chrono Boost)  
  40  6:01  Probe (Chrono Boost)  
  40  6:09  Ascendant Archives  
  41  6:13  Pylon x2  
  41  6:15  Probe (Chrono Boost)  
  41  6:16  Probe (Chrono Boost)  
  43  6:29  Probe (Chrono Boost)  
  43  6:30  Probe (Chrono Boost)  
  45  6:43  Probe (Chrono Boost)  
  45  6:44  Probe (Chrono Boost)  
  47  6:57  Probe (Chrono Boost)  
  48  7:03  Power Overwhelming  
  48  7:17  Forge  
  48  7:19  Warp Gate (Chrono Boost)  
  48  7:24  Gateway  
  48  7:26  Gateway  
  48  7:27  Gateway  
  48  7:28  Gateway  
  48  7:30  Gateway  
  48  7:31  Gateway  
  48  7:51  Mind Blast  
  48  7:57  Pylon  
  48  8:02  Imposing Presence (Chrono Boost)  
  48  8:08  Mothership  
  48  8:20  Pylon  
  48  8:23  Pylon  
  48  8:25  Pylon  
  47  8:40  Chaotic Attunement  
  47  9:11  Pylon  
  47  9:46  Ascendant x2  
  47  9:47  Ascendant x2  
  47  9:49  Supplicant x6  
  67  9:50  Supplicant x2  
  63  10:30  Ascendant  
  63  10:31  Cloaking Module, Ascendant x3  
  63  10:36  Ascendant  
  63  10:38  Supplicant x6  
  81  11:09  Supplicant x6  
  91  11:16  Ascendant x3  
  91  11:24  Ascendant x2  
  95  11:31  Detect Weakness  
  95  11:34  Havoc  
  95  11:36  Ascendant  
  95  11:39  Supplicant x2  
  88  12:06  Ascendant  
  88  12:09  Supplicant x6  
  96  12:10  Supplicant x2  
  94  12:25  Pylon  
  94  12:29  Pylon  
  90  12:41  Ascendant x2  
  90  12:44  Supplicant x8  
  90  12:45  Supplicant x2  
  102  13:01  Ascendant  
  102  13:03  Supplicant x4  
  102  13:09  Pylon  
  110  13:13  Mothership  
  110  13:18  Ascendant  
  112  13:30  Supplicant x4  
  112  13:31  Supplicant x6  
  112  13:32  Havoc  
  113  14:00  Supplicant x2  
  113  14:01  Supplicant x4  
  105  14:30  Havoc  
  105  14:31  Havoc  
  105  14:33  Supplicant x4  
  105  14:34  Supplicant x8  
  117  14:54  Pylon  
  117  14:57  Pylon  
  107  15:18  Supplicant x2  
  107  15:19  Supplicant x4  
  107  15:20  Supplicant x2  
  115  15:38  Pylon  
  115  15:49  Supplicant x6  
  115  15:50  Supplicant x10  
  137  16:03  Pylon  
  110  16:43  Supplicant x8  
  110  16:44  Supplicant x6  
Show
View Real Time Build Order
Export as new Build Order

JamesRaynor Protoss 

Build Orders:  

Get SALT Encoding   

  12  0:07  Probe (Chrono Boost)  
  13  0:24  Probe (Chrono Boost)  
  14  0:38  Probe (Chrono Boost)  
Tags
 
Add a new tag
Caveats
  • Supply blocks, unpowered buildings, or Contaminate may cause inaccurate times.
  • Supply counts are checked every 10 seconds.